 Dungeon Crawl Stone Soup version 0.27.0-1-g7a089689b8 (webtiles) character file.

Game seed: 2135240151504928019

40 biggiOS the Cudgeller (level 3, -20/36 HPs)
             Began as a Troll Berserker on Aug 7, 2021.
             Was a Follower of Qazlal.
             Demolished by a polar bear (23 damage)
             ... created by the rage of Trog
             ... on level 2 of the Dungeon.
             The game lasted 00:09:22 (968 turns).

biggiOS the Cudgeller (Troll Berserker)              Turns: 968, Time: 00:09:23

Health: -20/36     AC:  5    Str: 26    XL:     3   Next: 30%
Magic:  2/2        EV: 10    Int:  3    God:    Qazlal [*.....]
Gold:   52         SH:  1    Dex:  9    Spells: 2/2 levels left

rFire    . . .     SeeInvis .   a - +0 mace
rCold    . . .     Faith    .   (no shield)
rNeg     . . .     Spirit   .   b - +1 animal skin
rPois    +         Reflect  .   (helmet restricted)
rElec    .         Harm     .   (no cloak)
rCorr    .         Rampage  .   (gloves unavailable)
Will     .....                  (boots unavailable)
Stlth    +.........             (no amulet)
HPRegen  1.12/turn              (no ring)
MPRegen  0.08/turn              (no ring)

@: no status effects
A: large, unfitting armour, claws 3, regeneration 1, shaggy fur 1, tough skin 1,
poison resistance, wild magic 1, evolution 1
a: Renounce Religion


You were on level 2 of the Dungeon.
You worshipped Qazlal.
Qazlal was aware of your devotion.
You visited 1 branch of the dungeon, and saw 2 of its levels.

You collected 52 gold pieces.

Inventory:

Hand Weapons
 a - a +0 mace (weapon)
 g - a +0 mace
Missiles
 d - 20 poisoned darts (quivered)
 e - 25 stones
Armour
 b - a +1 animal skin (worn)
 c - a +0 ring mail


   Skills:
 + Level 2.7 Fighting
 * Level 3.4 Maces & Flails
 + Level 2.7 Dodging


You had 2 spell levels left.
You didn't know any spells.
Your spell library was empty.

Dungeon Overview and Level Annotations

Branches:
Dungeon (2/15)

Altars:
Qazlal


Innate Abilities, Weirdness & Mutations

You are too large for most types of armour.
You have claws for hands.
Your natural rate of healing is unusually fast.
You are covered in fur. (AC +1)
You have tough skin. (AC +1)
Your system is resistant to poisons. (rPois)
Your spells are a little harder to cast, but a little more powerful.
You evolve.


Message History

The kobold closely misses you.
The ball python bites you but does no damage.
You hit the ball python.
You kill the ball python!
Qazlal accepts your kill.
The kobold hits you with a +0 dagger. x2
The kobold closely misses you. The kobold hits you with a +0 dagger.
The kobold throws a poisoned dart.
The poisoned dart misses you. The kobold hits you but does no damage.
The kobold closely misses you.
You miss the kobold. The kobold closely misses you.
You hit the kobold but do no damage. The kobold barely misses you.
You closely miss the kobold. The kobold closely misses you.
You sock the kobold!
You kill the kobold!
Qazlal accepts your kill.
e - 25 stones (gained 3)
Things that are here:
a +0 dagger; a kobold corpse Trog sends monsters to punish you. 3 polar bears and a black bear come into view.
There is a stone staircase leading down here.
You hit the black bear but do no damage.
The polar bear completely misses you. The polar bear barely misses you.
The polar bear claws you but does no damage.
You hit the polar bear.
The polar bear is lightly wounded.
The polar bear bites you!!
Ouch! That really hurt!
The polar bear claws you.
The polar bear claws you but does no damage.
The polar bear bites you!
* * * LOW HITPOINT WARNING * * *
The polar bear claws you but does no damage.
The polar bear claws you.
* * * LOW HITPOINT WARNING * * *
The polar bear bites you!!
Ouch! That really hurt!
You die...

#.###.# ##.###.# ..
#^.^.#.# ..
###########^_..#.# ..
#..........^^..#.# .#
#.###########..#.# .# #
#.# #.....# .###...
#.##### #......
#....... #@h...#
#......### <.# #hh...#
#.####.#.. ..# #h....#
# #.#.. ..#
#....>.....# #.#.. ..#
#....?.....# #.#.. ..#
.. #..........# ..#.#
..###.... #..........#
####.. .........
.....$.....# #.....
..#####+#
#......###########.###†


You could see 3 polar bears and a black bear (berserk).

Vanquished Creatures
  A dart slug (D:1)
  5 ball pythons
  An endoplasm (D:2)
  A giant cockroach (D:2)
  4 goblins
  3 hobgoblins
  4 jackals (D:2)
  6 kobolds
  4 bats
  4 rats (D:1)
33 creatures vanquished.

Notes
Turn   | Place    | Note
-------+----------+-------------------------------------------
     0 | D:1      | biggiOS the Troll Berserker began the quest for the Orb.
     0 | D:1      | Reached XP level 1. HP: 22/22 MP: 0/0
   207 | D:1      | Reached XP level 2. HP: 29/29 MP: 1/1
   213 | D:1      | Reached skill level 3 in Maces & Flails
   743 | D:2      | Gained mutation: Your body sometimes deteriorates upon
                  | taking damage. [potion of mutation]
   743 | D:2      | Gained mutation: Your spells are a little harder to cast,
                  | but a little more powerful. [potion of mutation]
   757 | D:2      | Lost mutation: Your body sometimes deteriorates upon taking
                  | damage. [potion of mutation]
   757 | D:2      | Gained mutation: You evolve. [potion of mutation]
   757 | D:2      | Gained mutation: Your system is resistant to poisons.
                  | (rPois) [potion of mutation]
   843 | D:2      | Reached XP level 3. HP: 31/36 MP: 2/2
   850 | D:2      | Reached ** piety under Trog
   899 | D:2      | Found a faded altar of an unknown god.
   913 | D:2      | Fell from the grace of Trog
   913 | D:2      | Became a worshipper of Qazlal Stormbringer
   913 | D:2      | Reached * piety under Qazlal
   966 | D:2      | Noticed a black bear
   966 | D:2      | Noticed a polar bear
   966 | D:2      | Noticed a polar bear
   966 | D:2      | Noticed a polar bear
   968 | D:2      | Demolished by a polar bear

Illustrated notes

Levels and vault maps discovered:
D:1:      roderic_dead_forest, layout_basic
D:2:      layout_basic, ebering_ecumenical_altar_webs, minmay_pentomino_x2,
          uniq_natasha

Skill      XL: |  1  2 |
---------------+-------+-----
Maces & Flails | 3 |  3.4
Fighting       | |  2.7
Dodging        | |  2.7

Action                   || total
-------------------------++-------
Melee: Mace              ||   100
  Use: Potion            ||     7
       Scroll            ||     4
Armor: Animal skin       ||    85
Dodge: Dodged            ||   109
Block: Other             ||     1
